 Dungeon Crawl Stone Soup version 0.15-a0-1269-g8ca96ae (webtiles) character file.

17070 MDvedh the Basher (level 12, -4/91 HPs)
             Began as a Demonspawn Fighter on June 5, 2014.
             Was an Elder of Kikubaaqudgha.
             Slain by a wolf spider (9 damage)
             ... on Level 3 of the Lair of Beasts.
             The game lasted 00:51:42 (15957 turns).

MDvedh the Basher (Demonspawn Fighter)             Turns: 15957, Time: 00:51:42

HP  -4/91        AC 11     Str 19      XL: 12   Next: 15%
MP   0/21        EV  6     Int 12      God: Kikubaaqudgha [****..]
Gold 886         SH  9     Dex 13      Spells:  1 memorised, 10 levels left

rFire  . . .     SeeInvis .     C - +2 whip (pain)
rCold  + . .     Clarity  +     M - +0 scale mail {rPois}
rNeg   . . .     rCorr    .     c - +0 shield
rPois  +         rRot     .     (helmet restricted)
rElec  .         Spirit   +     n - +2 cloak
SustAb .         Warding  .     (no gloves)
rMut   .         Stasis   .     (boots unavailable)
Gourm  .                        L - amulet of clarity
MR     .....                    I - ring of magical power
                                e - ring of protection from cold

@: about to teleport, very slightly contaminated, not resistant to hostile
enchantments, extremely unstealthy
A: claws 1, horns 2, talons 3, demonic guardian 1, magic shield
a: Receive Corpses, Renounce Religion


You were on level 3 of the Lair of Beasts.
You worshipped Kikubaaqudgha.
Kikubaaqudgha was greatly pleased with you.
You were not hungry.

You visited 3 branches of the dungeon, and saw 13 of its levels.

You collected 886 gold pieces.

Inventory:

Hand weapons
 t - a +0,+2 whip of electrocution
 x - a +2,+3 morningstar of flaming
 C - a +2,+2 whip of pain (weapon)
Armour
 c - a +0 shield (worn)
 n - a +2 cloak (worn)
 M - a +0 scale mail of poison resistance (worn)
Magical devices
 b - a wand of slowing (10)
 g - a wand of frost (14)
 v - a wand of draining (2)
 y - a wand of confusion (15)
 F - a wand of slowing (15)
 K - a wand of teleportation (7)
 R - a wand of paralysis (8)
 V - a wand of fire (9)
Comestibles
 d - 7 bread rations
 h - 7 royal jellies
 S - 2 meat rations
 T - 4 beef jerkies
Scrolls
 f - 2 scrolls of fog
 i - 2 scrolls of teleportation
 m - 2 scrolls of enchant armour
 u - 3 scrolls of enchant weapon I
 z - a scroll of amnesia
 D - 3 scrolls of remove curse
 H - 2 scrolls of brand weapon
 Q - 2 scrolls of magic mapping
 U - 2 scrolls of enchant weapon II
 W - a scroll of identify
Jewellery
 e - a ring of protection from cold (left claw)
 j - an uncursed ring of stealth
 I - a ring of magical power (right claw)
 L - an amulet of clarity (around neck)
Potions
 k - a potion of lignification
 p - a potion of brilliance
 q - 2 potions of flight
 r - 2 potions of cure mutation
 w - a potion of curing
 B - 2 potions of restore abilities
 J - a potion of magic {unknown}
 O - a potion of haste
Books
 a - a book of the Tempests

   Spells                             Type                      Level
   Static Discharge                   Conjuration/Air              3
   Lightning Bolt                     Conjuration/Air              5
   Fireball                           Conjuration/Fire             5
   Tornado                            Air                          9
   Shatter                            Earth                        9
 l - Kikubaaqudgha's Volume of Evil Secrets
   (Kikubaaqudgha gifted it to you on level 8 of the Dungeon)

   Spells                             Type                      Level
   Excruciating Wounds                Charms/Necromancy            5
   Bolt of Draining                   Conjuration/Necromancy       5
   Dispel Undead                      Necromancy                   5
   Twisted Resurrection               Necromancy                   5
   Death Channel                      Necromancy                   6
 s - Kikubaaqudgha's Volume of Evil
   (Kikubaaqudgha gifted it to you on level 5 of the Dungeon)

   Spells                             Type                      Level
   *Pain                              Necromancy                   1
   Corpse Rot                         Necromancy                   2
   Sublimation of Blood               Necromancy                   2
   Vampiric Draining                  Necromancy                   3
   Control Undead                     Necromancy                   4
 E - a book of Wizardry

   Spells                             Type                      Level
   Agony                              Necromancy                   5
   Force Lance                        Conjuration                  5
   Dispersal                          Translocation                6
   Haste                              Charms                       6
   Invisibility                       Hexes                        6
   Spellforged Servitor               Conjuration/Summoning        7
 G - a book of Unlife

   Spells                             Type                      Level
   Recall                             Summoning/Translocation      3
   Animate Dead                       Necromancy                   4
   Control Undead                     Necromancy                   4
   Twisted Resurrection               Necromancy                   5
   Death Channel                      Necromancy                   6
   Simulacrum                         Ice/Necromancy               6
 N - a Young Poisoner's Handbook

   Spells                             Type                      Level
   Sting                              Conjuration/Poison           1
   Cure Poison                        Poison                       2
   Mephitic Cloud                     Conjuration/Poison/Air       3
   Olgreb's Toxic Radiance            Poison                       4
   Venom Bolt                         Conjuration/Poison           5
 X - a book of Spatial Translocations

   Spells                             Type                      Level
   Apportation                        Translocation                1
   Blink                              Translocation                2
   Shroud of Golubria                 Charms/Translocation         2
   Portal Projectile                  Translocation                3
   Teleport Other                     Translocation                3
   Passage of Golubria                Translocation                4


   Skills:
 + Level 7.0 Fighting
 - Level 12.1 Maces & Flails
 - Level 8.5 Armour
 + Level 5.6 Dodging
 - Level 2.6 Shields
 - Level 9.4 Necromancy


You had 10 spell levels left.
You knew the following spells:

 Your Spells              Type           Power        Failure   Level  Hunger
a - Pain                  Necr           ###.         17%         1    ##.....


Dungeon Overview and Level Annotations

Branches:
Dungeon (9/15)             Temple (1/1) D:4             Orc (0/4) D:9
   Lair (3/8) D:9          Spider (0/5) Lair:3
  Swamp: Lair:3-6    Shoals: Lair:3-6     Snake: Lair:3-6

Altars:
Ashenzari
Cheibriados
Dithmenos
Elyvilon
Fedhas
Gozag
Kikubaaqudgha
Makhleb
Nemelex Xobeh
Okawaru
Qazlal
Sif Muna
Trog
Vehumet
Xom
Yredelemnul
Zin
The Shining One

Annotations:
D:6 exclusion: door


Innate Abilities, Weirdness & Mutations

You have sharp fingernails.
You have a pair of horns on your head.
You have claws for feet.
A weak demonic guardian rushes to your aid.
When hurt, damage is shared between your health and your magic reserves.


Message History

Press: ? - help, Dir - move target cursor
As you read the scroll of blinking, it crumbles to dust.
Something pounces on your ufetubus.
Something bites your ufetubus but does no damage.
You swap places.
Your iron imp closely misses the wolf spider.
The wolf spider closely misses your iron imp.
The wolf spider bites your iron imp. The wolf spider hits your iron imp!!
Your iron imp dies!
Your ufetubus barely misses the wolf spider.
Your ufetubus hits the wolf spider. The wolf spider hits your ufetubus!
The wolf spider bites your ufetubus!
Your ufetubus dies!
Unknown command.
Read which item? (? for menu, Esc to quit)
As you read the scroll of teleportation, it crumbles to dust.
You feel strangely unstable. The wolf spider hits you!
You die...
Kikubaaqudgha rasps: "You have failed me!
Welcome... death!"

# #########...P######...##
#######.#..........##P.......#
.##...............?.#........##
....##.##............#........#
#.#P#####..........#.#.......##
#.### #..........#.........# ###
#...................<#
###.P..ss####........# ##....@##
###...#### #####...# #...#### #
#P.#..5#######.....## ###
##..........##.......# ..#
####..PP#..............P#
..#####.###...P.P..P.#.......###
....#.......P.....####.........#
..+....#..#..P..#.# ###......##
..#...#.#...P#.#### ##.....>##


You could see a wolf spider, a spider and a friendly quasit.

Vanquished Creatures
  3 death yaks (Lair:3)
  The ghost of Avan the Basher, an experienced GrFi of Okawaru (Lair:2)
  Pikel (D:4)
  2 hill giants
  2 black mambas (Lair:3)
  A komodo dragon (Lair:3)
  4 spiny frogs
  A queen bee (D:8)
  Prince Ribbit (D:7)
  7 blink frogs
  A hill giant zombie (D:8)
  6 yaks
  2 hippogriffs (Lair:2)
  A hill giant skeleton (D:9)
  6 wolves (Lair:1)
  A porcupine (Lair:1)
  2 water moccasins
  A swamp drake (D:9)
  7 orc warriors
  2 sky beasts
  2 ogres
  A manticore zombie (D:9)
  A slave (D:4)
  A black bear (D:8)
  2 phantoms
  4 centaurs
  Sigmund (D:3)
  Duvessa (D:4)
  A big kobold (D:8)
  9 crocodiles
  4 giant frogs
  A gnoll sergeant (D:8)
  2 eyes of draining (D:9)
  A water moccasin zombie (D:7)
  3 wights (D:8)
  3 scorpions
  2 electric eels (Lair:2)
  A water moccasin skeleton (D:7)
  16 killer bees (D:8)
  Dowan (D:4)
  A centaur zombie (D:7)
  A quasit (D:5)
  2 goliath beetles
  4 crimson imps
  4 hounds
  8 orc priests
  2 jellies
  Crazy Yiuf (D:4)
  2 big fish (Lair:2)
  Natasha (D:3)
  10 iguanas
  6 orc wizards
  8 worker ants
  An ogre zombie (D:8)
  A big kobold zombie (D:8)
  A sheep (Lair:1)
  A crocodile zombie (D:9)
  Ijyb (D:3)
  7 gnolls
  8 green rats (Lair:1)
  2 big fish zombies (D:4)
  11 adders
  2 orc zombies
  A shadow imp (D:5)
  A goliath beetle zombie (D:5)
  5 worms
  An adder zombie (D:9)
  2 oozes (D:1)
  40 orcs
  21 bats
  17 hobgoblins
  10 jackals
  3 quokkas
  2 ball pythons
  A ball python skeleton (D:4)
  6 giant cockroaches
  16 giant geckos
  A giant gecko zombie (D:6)
  3 giant newts
  12 goblins
  A hobgoblin skeleton (D:5)
  A hobgoblin zombie (D:8)
  12 kobolds
  A kobold skeleton (D:4)
  20 rats
371 creatures vanquished.

Vanquished Creatures (collateral kills)
  A feature mimic (D:9)
  A komodo dragon (Lair:1)
  Grinder (D:2)
  2 yaks (Lair:2)
  Edmund (D:6)
  A killer bee (D:8)
  A worker ant (D:4)
  A gnoll (D:3)
  A worm (D:6)
  4 orcs
  2 bats
  5 rats
21 creatures vanquished.

Vanquished Creatures (others)
  18 quasits
  10 crimson imps
  13 iron imps
  19 white imps
  18 ufetubi
  An orc (D:4)
  A goblin (D:4)
  A quokka (D:4)
  A fungus (Lair:2)
82 creatures vanquished.

Grand Total: 474 creatures vanquished

Notes
Turn   | Place    | Note
--------------------------------------------------------------
     0 | D:1      | MDvedh, the Demonspawn Fighter, began the quest for the Orb.
     0 | D:1      | Reached XP level 1. HP: 18/18 MP: 1/1
   196 | D:1      | Gained mutation: A weak demonic guardian rushes to your aid. [demonic ancestry]
   196 | D:1      | Reached XP level 2. HP: 24/24 MP: 2/2
  1002 | D:1      | Gained mutation: You have sharp toenails. [demonic ancestry]
  1002 | D:1      | Reached XP level 3. HP: 26/29 MP: 3/3
  1792 | D:2      | Gained mutation: You have a pair of small horns on your head. [demonic ancestry]
  1792 | D:2      | Reached XP level 4. HP: 32/35 MP: 4/4
  1796 | D:2      | Reached skill level 4 in Maces & Flails
  2464 | D:3      | Noticed Sigmund
  2527 | D:3      | Noticed Grinder
  2534 | D:2      | Killed Grinder
  2534 | D:2      | Reached skill level 6 in Maces & Flails
  2534 | D:2      | Gained mutation: You have a pair of horns on your head. [demonic ancestry]
  2534 | D:2      | Reached XP level 5. HP: 30/41 MP: 5/5
  2534 | D:2      | Gained mutation: You have razor-sharp toenails. [demonic ancestry]
  2534 | D:2      | Reached XP level 6. HP: 34/47 MP: 6/6
  2676 | D:3      | Noticed Ijyb
  2684 | D:3      | Killed Ijyb
  2730 | D:3      | Found a burning altar of Makhleb.
  2730 | D:3      | Noticed a cacodemon
  2733 | D:3      | Noticed a neqoxec
  2733 | D:3      | Noticed a ynoxinul
  2747 | D:3      | Killed Sigmund
  2840 | D:3      | Noticed Natasha
  2849 | D:3      | Killed Natasha
  3211 | D:4      | Noticed Duvessa
  3213 | D:4      | Noticed Dowan
  3236 | D:3      | Reached skill level 7 in Maces & Flails
  3236 | D:3      | Reached XP level 7. HP: 38/52 MP: 7/7
  3404 | D:4      | Killed Duvessa
  3667 | D:4      | Killed Dowan
  4111 | D:4      | Reached skill level 8 in Maces & Flails
  4333 | D:4      | Found a staircase to the Ecumenical Temple.
  4356 | Temple   | Entered the Ecumenical Temple
  4400 | Temple   | Became a worshipper of Kikubaaqudgha
  4437 | D:4      | Noticed Pikel
  4460 | D:4      | Killed Pikel
  4460 | D:4      | Reached skill level 9 in Maces & Flails
  4460 | D:4      | Gained mutation: When hurt, damage is shared between your health and your magic reserves. [demonic ancestry]
  4460 | D:4      | Reached XP level 8. HP: 45/58 MP: 8/8
  4652 | D:4      | Noticed Crazy Yiuf
  4658 | D:4      | Killed Crazy Yiuf
  4918 | D:4      | Found a basalt altar of Yredelemnul.
  5047 | D:5      | Entered Level 5 of the Dungeon
  5585 | D:5      | Reached skill level 10 in Maces & Flails
  6322 | D:5      | Found a shadowy altar of Dithmenos.
  6522 | D:5      | Acquired Kikubaaqudgha's first power
  6522 | D:5      | Received a gift from Kikubaaqudgha
  6531 | D:5      | Identified Kikubaaqudgha's Volume of Evil (Kikubaaqudgha gifted it to you on level 5 of the Dungeon)
  6534 | D:5      | Learned a level 1 spell: Pain
  6696 | D:6      | Noticed Edmund
  6709 | D:6      | Killed Edmund
  6709 | D:6      | Gained mutation: You have sharp fingernails. [demonic ancestry]
  6709 | D:6      | Reached XP level 9. HP: 63/63 MP: 9/9
  6972 | D:6      | Reached skill level 11 in Maces & Flails
  6986 | D:6      | Noticed a moth of wrath
  6987 | D:6      | Found a bloodstained altar of Trog.
  7326 | D:7      | Noticed a hill giant
  7339 | D:7      | Killed a hill giant
  7469 | D:7      | Reached skill level 12 in Maces & Flails
  7610 | D:7      | Reached skill level 1 in Necromancy
  7748 | D:7      | Acquired Kikubaaqudgha's second power
  7755 | D:7      | Noticed Prince Ribbit
  7772 | D:7      | Killed Prince Ribbit
  7903 | D:7      | Found a shimmering altar of Xom.
  8161 | D:8      | Gained mutation: You have claws for feet. [demonic ancestry]
  8161 | D:8      | Reached XP level 10. HP: 70/70 MP: 10/10
  8238 | D:8      | Noticed a hill giant
  8438 | D:8      | Killed a hill giant
  8438 | D:8      | Reached skill level 5 in Armour
  8635 | D:8      | Reached skill level 5 in Necromancy
  9678 | D:8      | Received a gift from Kikubaaqudgha
  9681 | D:8      | Identified Kikubaaqudgha's Volume of Evil Secrets (Kikubaaqudgha gifted it to you on level 8 of the Dungeon)
 10493 | D:9      | Found a staircase to the Orcish Mines.
 10752 | D:9      | Reached XP level 11. HP: 56/75 MP: 11/11
 10795 | D:9      | Found a staircase to the Lair.
 10938 | Lair:1   | Entered Level 1 of the Lair of Beasts
 11037 | Lair:1   | Acquired Kikubaaqudgha's third power
 11541 | Lair:1   | Reached skill level 1 in Dodging
 12316 | Lair:2   | Noticed Avan's ghost (experienced GrFi)
 12334 | Lair:2   | Killed Avan's ghost
 12710 | Lair:2   | Reached skill level 5 in Fighting
 14170 | Lair:3   | Got a shimmering chain mail
 14186 | Lair:3   | Identified the cursed -2 chain mail "Ampakal" {rN+ Str+4 Int+2} (You found it on level 3 of the Lair of Beasts)
 14225 | Lair:3   | Noticed a death yak
 14238 | Lair:3   | Noticed a death yak
 14243 | Lair:3   | Noticed a death yak
 14263 | Lair:3   | Killed a death yak
 14681 | Lair:3   | Reached XP level 12. HP: 75/89 MP: 12/12
 14707 | Lair:3   | Reached skill level 5 in Dodging
 15004 | Lair:3   | Found a hole to the Spider Nest.
 15013 | Lair:3   | HP: 1/89 [jumping spider (7)]
 15401 | Lair:3   | Killed a death yak
 15416 | Lair:3   | Killed a death yak
 15939 | Lair:3   | HP: 1/91 [wolf spider (11)]
 15957 | Lair:3   | Slain by a wolf spider

Action                   |  1- 3 |  4- 6 |  7- 9 | 10-12 || total
-------------------------+-------+-------+-------+-------++-------
Melee: Flail             |   192 |    54 |       |       ||   246
       Morningstar       |       |    50 |   325 |       ||   375
       Whip              |       |       |   190 |   773 ||   963
Evoke: Wand              |       |       |    10 |     3 ||    13
  Use: Potion            |       |     2 |     2 |     9 ||    13
       Scroll            |       |       |    20 |    13 ||    33
 Stab: Distracted        |       |       |     6 |     1 ||     7
